 Dungeon Crawl Stone Soup version 0.21-a0-110-g8e1637b (webtiles) character file.

2902 Kidiri the Thaumaturge (level 9, -4/48 HPs)
             Began as a Deep Elf Fire Elementalist on July 10, 2017.
             Was an Initiate of Vehumet.
             Slain by Erica
             ... wielding a +1 scimitar of flaming
              (10 damage)
             ... on level 8 of the Dungeon.
             The game lasted 00:29:06 (7776 turns).

Kidiri the Thaumaturge (Deep Elf Fire Elementalist) Turns: 7776, Time: 00:29:07

Health: -4/48      AC:  5    Str:  5    XL:     9   Next: 49%
Magic:  3/24       EV: 14    Int: 24    God:    Vehumet [......]
Gold:   363        SH:  0    Dex: 13    Spells: 9/27 levels left

rFire    . . .     SeeInvis .   d - +2 dagger (pierce)
rCold    + . .     Gourm    .   (no shield)
rNeg     . . .     Faith    .   a - +0 robe
rPois    +         Spirit   .   (no helmet)
rElec    .         Reflect  .   (no cloak)
rCorr    .         Harm     .   (no gloves)
MR       .....                  n - +2 pair of boots {run}
Stlth    ++........             (no amulet)
HPRegen  0.16/turn              (no ring)
MPRegen  0.19/turn              (no ring)

@: about to teleport, quick
A: hooves 1, clumsy 1, cold resistance 1, poison resistance
a: Renounce Religion


You were on level 8 of the Dungeon.
You worshipped Vehumet.
Vehumet was noncommittal.
You were hungry.

You visited 2 branches of the dungeon, and saw 9 of its levels.
You also visited: Ossuary.

You collected 363 gold pieces.

Inventory:

Hand Weapons
 d - a +2 dagger of piercing (weapon)
Missiles
 g - 3 throwing nets (quivered)
Armour
 a - a +0 robe (worn)
 n - a +2 pair of boots of running (worn)
 y - a +0 buckler
Jewellery
 m - an uncursed amulet of guardian spirit
Wands
 f - a wand of flame (48/48)
 o - a wand of confusion (37/48)
 p - a wand of scattershot (3/9)
 t - a wand of lightning (5/15)
 z - a wand of polymorph (12/24)
 A - a wand of confusion (23/48)
Scrolls
 e - a scroll of immolation
 h - 6 scrolls of remove curse
 q - a scroll of amnesia
 r - 3 scrolls of magic mapping
 x - a scroll of recharging
Potions
 j - a potion of flight
 k - 2 potions of lignification
 s - a potion of ambrosia
 u - a potion of degeneration {unknown}
 v - 2 potions of brilliance
 C - 2 potions of might
 F - a potion of berserk rage {unknown}
Books
 b - a book of Flames

   Spells                             Type                      Level
   a - Flame Tongue                   Conjuration/Fire             1
   b - Throw Flame                    Conjuration/Fire             2
   c - Conjure Flame                  Conjuration/Fire             3
   d - Inner Flame                    Hexes/Fire                   3
   e - Sticky Flame                   Conjuration/Fire             4
   f - Fireball                       Conjuration/Fire             5
 i - a book of Cantrips

   Spells                             Type                      Level
   a - Confusing Touch                Hexes                        1
   b - Animate Skeleton               Necromancy                   1
   c - Summon Small Mammal            Summoning                    1
   d - Apportation                    Translocation                1
 G - a book of Conjurations

   Spells                             Type                      Level
   a - Magic Dart                     Conjuration                  1
   b - Searing Ray                    Conjuration                  2
   c - Dazzling Spray                 Conjuration/Hexes            3
   d - Fulminant Prism                Conjuration/Hexes            4
   e - Force Lance                    Conjuration/Translocation    4
   f - Iskenderun's Mystic Blast      Conjuration                  4
Comestibles
 c - 5 bread rations
 B - 2 meat rations
 D - 2 royal jellies
 E - a chunk of flesh


   Skills:
 + Level 2.2 Fighting
 + Level 3.4 Short Blades
 + Level 3.0 Armour
 + Level 4.8 Dodging
 - Level 2.4 Stealth
 + Level 1.4 Shields
 * Level 9.9 Spellcasting
 + Level 5.7 Conjurations
 + Level 6.4 Fire Magic
 + Level 3.5 Evocations


You had 9 spell levels left.
You knew the following spells:

 Your Spells              Type           Power        Failure   Level  Hunger
a - Flame Tongue          Conj/Fire      #####        1%          1    None
b - Throw Flame           Conj/Fire      #####.       1%          2    None
c - Conjure Flame         Conj/Fire      #####...     1%          3    None
d - Inner Flame           Hex/Fire       ####....     4%          3    None
e - Sticky Flame          Conj/Fire      #####...     4%          4    #......
f - Fireball              Conj/Fire      #####.....   12%         5    ####...


Dungeon Overview and Level Annotations

Branches:
Dungeon (8/15)             Temple (1/1) D:7
   Lair: D:8-11

Altars:
Ashenzari
Cheibriados
Dithmenos
Elyvilon
Fedhas
Gozag
Hepliaklqana
Kikubaaqudgha
Makhleb
Nemelex Xobeh
Okawaru
Qazlal
Sif Muna
Trog
Uskayaw
Vehumet
Wu Jian
Xom
Yredelemnul
Zin
The Shining One

Shops:
D:4 *

Annotations:
D:5 1 runed door
D:8 Erica


Innate Abilities, Weirdness & Mutations

You have large cloven feet.
You are clumsy. (Dex -2)
Your flesh is cold resistant. (rC+)
Your system is resistant to poisons. (rPois)


Message History

You kill the orc!
Vehumet accepts your kill.
Evoking this partially-identified wand wasted a few charges.
Your surroundings seem slightly different.
The crimson imp misses you.
Found a robe.
Unknown command.
As you read the scroll of teleportation, it crumbles to dust.
You feel strangely unstable.
Erica hits you with a scimitar of flaming!
* * * LOW HITPOINT WARNING * * *
Erica burns you.
* * * LOW HITPOINT WARNING * * *
The crimson imp closely misses you.
You feel better. The wolf bites you!
* * * LOW HITPOINT WARNING * * *
The crimson imp hits you.
* * * LOW HITPOINT WARNING * * *
Erica hits you with a scimitar of flaming!
You die...

###### #.[..# #....# #....#
#....# ## #....##
...##########hh@..#
........†%H./O@.5......
#.#...)#####.###.#####
#.##.# #.# #.#########
#)#.##.#####.###).........
..h.h.h......o.))).<.......
......#.#####..))...##.....
......#.# #.(...$.# ....
..... #.# #.......# ..


You could see Erica, a two-headed ogre, a hippogriff, 2 wolves and a crimson
imp.

Vanquished Creatures
  The ghost of sagitran the Slasher, an amateur DsAK of Lugonu (D:4)
  Prince Ribbit (D:7)
  Sigmund (D:3)
  A wraith (Ossuary)
  Edmund (D:5)
  2 orc warriors
  2 sky beasts
  A phantom (D:5)
  A wolf (D:8)
  2 centaurs
  2 ogres
  A big kobold (D:7)
  2 bullfrogs
  3 scorpions
  4 howler monkeys
  An orc priest (D:5)
  2 hounds
  A gnoll shaman (D:4)
  2 jellies
  3 orc wizards
  5 worker ants (D:5)
  A killer bee zombie (D:6)
  A hound zombie (D:7)
  A mummy (Ossuary)
  14 gnolls
  A howler monkey skeleton (D:6)
  5 adders
  2 oozes
  3 dart slugs
  2 leopard geckos
  14 orcs
  10 giant cockroaches
  9 goblins
  3 hobgoblins
  18 jackals
  A quokka (D:5)
  4 bats
  6 frilled lizards
  5 gnoll skeletons (Ossuary)
  13 kobolds
  5 kobold skeletons (Ossuary)
  15 orc skeletons (Ossuary)
  A quokka skeleton (D:5)
  6 rats
  2 butterflies (D:5)
181 creatures vanquished.

Notes
Turn   | Place    | Note
-------+----------+-------------------------------------------
     0 | D:1      | Kidiri the Deep Elf Fire Elementalist began the quest for the Orb.
     0 | D:1      | Reached XP level 1. HP: 10/10 MP: 6/6
   187 | D:1      | Reached XP level 2. HP: 14/15 MP: 0/8
   191 | D:1      | Learned a level 2 spell: Throw Flame
   305 | D:1      | You fall through a shaft!
   971 | D:2      | Reached XP level 3. HP: 19/19 MP: 7/10
   976 | D:2      | Learned a level 3 spell: Conjure Flame
   980 | D:2      | Learned a level 3 spell: Inner Flame
   994 | D:2      | Reached skill level 4 in Spellcasting
  1012 | D:2      | Found a blossoming altar of Fedhas.
  1418 | D:3      | Identified a +2 pair of boots of running (You found it on level 3 of the Dungeon)
  1572 | D:3      | Noticed Sigmund
  1766 | D:3      | Found a faded altar of an unknown god.
  1830 | D:3      | Reached XP level 4. HP: 22/24 MP: 6/12
  1950 | D:3      | Reached skill level 5 in Spellcasting
  2424 | D:3      | Learned a level 4 spell: Sticky Flame
  2482 | D:3      | Killed Sigmund
  2482 | D:3      | Reached skill level 6 in Spellcasting
  2482 | D:3      | Reached XP level 5. HP: 18/28 MP: 0/15
  2482 | D:3      | Reached XP level 6. HP: 21/32 MP: 0/17
  2759 | D:4      | Found a shimmering altar of Xom.
  2900 | D:4      | Noticed sagitran's ghost (amateur DsAK)
  2905 | D:4      | Learned a level 5 spell: Fireball
  2916 | D:4      | Killed sagitran's ghost
  2916 | D:4      | Reached skill level 7 in Spellcasting
  2916 | D:4      | Reached skill level 5 in Fire Magic
  2916 | D:4      | Reached XP level 7. HP: 36/36 MP: 6/19
  3208 | D:4      | Found Ydghazxuss's Assorted Antiques.
  3807 | D:5      | Entered Level 5 of the Dungeon
  3827 | D:5      | Found a runed door.
  3831 | D:5      | Found a runed door.
  3835 | D:5      | Reached skill level 1 in Short Blades
  3927 | D:5      | Found a sand-covered staircase.
  3936 | Ossuary  | Entered an ossuary
  3936 | Ossuary  | Noticed a wraith
  3936 | Ossuary  | Noticed a wraith
  3936 | Ossuary  | Noticed a wraith
  4242 | Ossuary  | Noticed a wraith
  4256 | Ossuary  | Killed a wraith
  4256 | Ossuary  | Reached skill level 1 in Fighting
  4256 | Ossuary  | Reached skill level 8 in Spellcasting
  4256 | Ossuary  | Reached skill level 1 in Evocations
  4394 | Ossuary  | Reached skill level 1 in Armour
  4630 | D:5      | Reached XP level 8. HP: 26/43 MP: 13/22
  4870 | D:5      | Noticed Edmund
  4888 | D:5      | Killed Edmund
  5357 | D:5      | Gained mutation: You have large cloven feet. [potion of mutation]
  5357 | D:5      | Gained mutation: You are clumsy. (Dex -2) [potion of mutation]
  5357 | D:5      | Gained mutation: Your flesh is cold resistant. (rC+) [potion of mutation]
  5357 | D:5      | Gained mutation: Your system is resistant to poisons. (rPois) [potion of mutation]
  5371 | D:5      | Reached skill level 5 in Conjurations
  5651 | D:6      | Reached skill level 9 in Spellcasting
  6038 | D:6      | Found a sparkling altar of Nemelex Xobeh.
  6693 | D:7      | Reached XP level 9. HP: 48/48 MP: 24/24
  7016 | D:7      | Found a staircase to the Ecumenical Temple.
  7026 | Temple   | Entered the Ecumenical Temple
  7219 | Temple   | Became a worshipper of Vehumet
  7394 | D:7      | Noticed Prince Ribbit
  7403 | D:7      | Killed Prince Ribbit
  7403 | D:7      | Reached skill level 1 in Shields
  7753 | D:8      | Noticed a two-headed ogre
  7774 | D:8      | Noticed Erica
  7776 | D:8      | Slain by Erica

Vault maps used:
D:1:      co_arrival_square_in_a_square_in_a_square
D:2:      fedhas_altar_4
D:3:      kennysheep_big_flooded_room, chequers_ecumenical_altar_simple_redux,
          uniq_sigmund
D:4:      lemuel_round_altar, serial_shops, shop
D:5:      lemuel_insect_pit, enter_ossuary_3, first_bread, uniq_edmund
D:6:      nemelex_xobeh_ov_fountains_minmay, grunt_ministairs_3
D:7:      minmay_temple_entry_butterflies, uniq_prince_ribbit1
D:8:      uniq_grum, uniq_erica
Temple:   eino_narrow_crystal_temple
Ossuary:  ossuary_due_mausoleum

Skill      XL: |  1  2  3  4  5  6  7  8  9 |
---------------+----------------------------+-----
Spellcasting   | 4 6 7 8 9 |  9.9
Conjurations   | 2 3 4 5 |  5.7
Fire Magic     | 4 5 6 |  6.4
Short Blades   | 1 3 |  3.4
Dodging        | 3 4 |  4.8
Fighting       | 1 2 |  2.2
Evocations     | 1 2 3 |  3.5
Armour         | 1 2 3 |  3.0
Shields        | 1 |  1.4
Stealth        | |  2.4

Action                   |  1- 3 |  4- 6 |  7- 9 || total
-------------------------+-------+-------+-------++-------
Melee: Dagger            |    37 |    14 |    73 ||   124
 Cast: Flame Tongue      |    43 |    23 |   101 ||   167
       Throw Flame       |     4 |     9 |    27 ||    40
       Inner Flame       |       |     3 |     6 ||     9
       Conjure Flame     |       |     3 |     9 ||    12
       Fireball          |       |       |    12 ||    12
       Sticky Flame      |       |       |    22 ||    22
Evoke: Wand              |       |       |     9 ||     9
  Use: Scroll            |     7 |     4 |    10 ||    21
       Potion            |       |     3 |     3 ||     6
 Stab: Sleeping          |     6 |     3 |     4 ||    13
       Distracted        |       |     1 |       ||     1
  Eat: Chunk             |     3 |     3 |    11 ||    17
       Bread ration      |       |       |     1 ||     1
       Royal jelly       |       |       |     1 ||     1
Armor: Robe              |    12 |     3 |    25 ||    40
Dodge: Dodged            |    37 |     8 |    93 ||   138
